 Dungeon Crawl Stone Soup version 0.31-a0-1074-g0b22e4e0f1 (webtiles) character file.

Game seed: 7810504723258326999

51 grandjackal the Trooper (level 3, 0/39 HPs)
             Began as an Ogre Warper on Nov 29, 2023.
             Succumbed to an adder's poison
             ... on level 2 of the Dungeon.
             The game lasted 00:02:01 (1221 turns).

grandjackal the Trooper (Ogre Warper)               Turns: 1221, Time: 00:02:02

Health: 0/39       AC:  7    Str: 15    XL:     3   Next: 83%
Magic:  7/7        EV:  9    Int: 16    God:
Gold:   72         SH:  0    Dex:  8    Spells: 6/8 levels left

rFire   . . .        a - +0 mace
rCold   . . .        (no shield)
rNeg    . . .        b - +0 robe
rPois   .            (helmet restricted)
rElec   .            (no cloak)
rCorr   .            (gloves unavailable)
SInv    .            (boots unavailable)
Will    .....        (no amulet)
Stlth   +            h - +4 ring of protection
HPRegen 0.26/turn    (no ring)
MPRegen 0.10/turn

%: no passive effects
@: lethally poisoned (0 -> -1), weak-willed
A: large, unfitting armour, tough skin 1
a: no special abilities


You were on level 2 of the Dungeon.
You visited 1 branch of the dungeon, and saw 3 of its levels.

You collected 72 gold pieces.

Inventory:

Hand Weapons
 a - a +0 mace (weapon)
Missiles
 d - 7 darts of dispersal (quivered)
 k - 5 atropa-tipped darts
Armour
 b - a +0 robe (worn)
Jewellery
 h - a +4 ring of protection (left hand)
Scrolls
 e - 2 scrolls of identify
 l - a scroll of teleportation {unknown}
Potions
 f - 2 potions of lignification


   Skills:
 + Level 3.7 Fighting
 - Level 2.0 Maces & Flails
 - Level 1.0 Throwing
 - Level 2.1 Dodging
 + Level 3.2 Spellcasting
 + Level 3.2 Translocations


You had 6 spell levels left.
You knew the following spells:

 Your Spells              Type           Power      Damage    Failure   Level
a - Blink                 Tloc           24%        N/A       8%          2

Your spell library contained the following spells:

 Spells                   Type           Power      Damage    Failure   Level
 Lesser Beckoning         Tloc           24%        N/A       8%          2
 Teleport Other           Tloc           12%        N/A       14%         3
 Ensorcelled Hibernation  Hex/Ice        4%         N/A       28%         2
 Passwall                 Tmut/Erth      1%         N/A       28%         2
 Manifold Assault         Tloc           12%        N/A       43%         4
 Swiftness                Air            2%         N/A       50%         3
 Vhi's Electric Charge    Tloc/Air       14%        N/A       67%         4


Dungeon Overview and Level Annotations

Branches:
Dungeon (3/15)

Altars:

Shops:
D:1 [

Annotations:
D:2 Natasha


Innate Abilities, Weirdness & Mutations

You are too large for most types of armour.
You have tough skin. (AC +1)


Message History

Unknown command.
As you read the scroll labelled XICZEI ITZA, it crumbles to dust.
It is a scroll of identify.
f - 2 potions of lignification
As you read the scroll labelled SUCUGO ZUOMU, it crumbles to dust.
Magic quickly surges around you.
It was a scroll of vulnerability.
As you read the scroll labelled ETUEMO VUTEST, it crumbles to dust.
Your body is wracked with pain!
* * * LOW HITPOINT WARNING * * *
The gnoll convulses! x3; It was a scroll of torment.
The gnoll hits you but does no damage. The gnoll closely misses you. x2
Unknown command.
Unknown command.
Blink to where?
Press: ? - help, Dir - move target
As you read the scroll of blinking, it crumbles to dust.
You feel yourself speed up. Natasha barely misses you.
Natasha stares at you and mumbles some strange words.
The magic dart hits you.
* * * LOW HITPOINT WARNING * * *
Okay, then.
You aren't carrying any items that you can evoke.
Okay, then.
As you read the scroll labelled BENUOT FAMYO, it crumbles to dust.
You assume a fearsome visage.
Natasha looks frightened!
The gnoll looks frightened! x2; It was a scroll of fear.
A kobold comes into view. It is wielding a +0 dagger.
The kobold shouts!
You hear an angry hiss.
The adder bites you but does no damage.
An adder comes into view.
The adder bites you.
* * * LOW HITPOINT WARNING * * *
You are lethally poisoned!
The adder poisons you!
* * * LOW HITPOINT WARNING * * *
You feel sick. The adder bites you but does no damage.
* * * LOW HITPOINT WARNING * * *
You feel sick. The adder misses you.
You die...

#.......†#
#####......#.##...
#........#
#.....####.#.##.#.
###>.###.###.##..#
#.#......
#..###.....##..####.#..#.##
#................<.........
#.########.##....##........
###.### ####.##.#.......##
#..^..#########.#
.###.......
#g....gg..S.@...##.#
#.#.#...
#...#####K####......
..#.#... #...#
#.......##.###.#.#...
#g..#####.......# ..#.##.#
#...##.............
#g..##.....########
######....S# #.....#
#.....#


You could see 2 gnolls, an adder and a kobold.

Vanquished Creatures
  Natasha (D:2)
  2 ball pythons (D:1)
  3 bats
  2 endoplasms (D:1)
  A giant cockroach (D:3)
  5 hobgoblins
  4 jackals
  2 quokkas (D:1)
  A frilled lizard (D:1)
  3 kobolds (D:1)
  2 rats
26 creatures vanquished.

Notes
Turn   | Place    | Note
-------+----------+-------------------------------------------
     0 | D:1      | grandjackal the Ogre Warper began the quest for the Orb.
     0 | D:1      | Reached XP level 1. HP: 22/22 MP: 3/3
   309 | D:1      | Found Tang's Antique Armour Shoppe.
   352 | D:1      | Reached XP level 2. HP: 24/29 MP: 5/5
   355 | D:1      | Learned a level 2 spell: Blink
   742 | D:1      | Found a faded altar of an unknown god.
   942 | D:2      | Reached XP level 3. HP: 37/37 MP: 7/7
  1039 | D:2      | Noticed Natasha
  1051 | D:2      | HP: 1/37 [Natasha (7)]
  1052 | D:2      | Killed Natasha
  1200 | D:2      | Noticed Natasha
  1220 | D:2      | HP: 1/39 [poisoned by an adder]
  1221 | D:2      | Succumbed to an adder's poison

Illustrated notes

Levels and vault maps discovered:
D:1:      minmay_arrival_cross, layout_basic, serial_shops, shop,
          shapermc_ecumenical_altar_hornbeckon
D:2:      layout_basic, kennysheep_generic_room_7, uniq_natasha
D:3:      layout_loops_ring, bloody_trog, mainiacjoe_overflow_surrounded_room,
          nicolae_overflow_macrodata_refinement, jmf_multi_god_temple,
          uniq_terence

Skill      XL: |  1  2  3 |
---------------+----------+-----
Fighting       | 3 |  3.7
Maces & Flails | 2 |  2.0
Translocations | 3 |  3.2
Spellcasting   | 3 |  3.2
Throwing       | |  1.0
Dodging        | |  2.1

Action                     || total
---------------------------++-------
  Melee: Mace              ||    87
    Use: Scroll            ||     5
 Armour: Robe              ||    92
  Dodge: Dodged            ||    68

Table legend: (Time is in decaauts)
 A = Elapsed time spent in this place.
 B = Non-inter-level travel time spent in this place.
 C = Inter-level travel time spent in this place.
 D = Time resting spent in this place.
 E = Time spent auto-exploring this place.
 F = Levels seen in this place.
 G = Mean time per level.
                   A        B        C        D        E       F      G
               +--------+--------+--------+--------+--------+-----+--------+
         Total |   1253 |   1198 |     55 |    159 |    759 |   3 |  417.7 |
       Dungeon |   1253 |   1198 |     55 |    159 |    759 |   3 |  417.7 |
               +--------+--------+--------+--------+--------+-----+--------+

Top non-repeatable levels by time:
     D:1: 926 daAuts
     D:2: 198 daAuts
     D:3: 129 daAuts
